 Dungeon Crawl Stone Soup version 0.16-a0-3939-g9a3e665 (webtiles) character file.

52 MDvedh the Chiller (level 3, -11/26 HPs)
             Began as a Demigod Ice Elementalist on Feb 6, 2015.
             Killed from afar by Ijyb (13 damage)
             ... with a wand of frost
             ... on level 2 of the Dungeon.
             The game lasted 00:03:40 (1668 turns).

MDvedh the Chiller (Demigod Ice Elementalist)       Turns: 1668, Time: 00:03:41

Health: -11/26     AC:  3    Str: 11    XL:     3   Next: 39%
Magic:  0/8        EV: 12    Int: 21    God:
Gold:   81         SH:  0    Dex: 16    Spells: 2 memorised, 3 levels left

rFire  . . .     SeeInvis .     (no weapon)
rCold  . . .     Clarity  .     f - +0 robe {rN+}
rNeg   + . .     SustAb   +     (no shield)
rPois  .         Gourm    .     (no helmet)
rElec  .         Spirit   .     a - +0 cloak
rCorr  .         Warding  .     (no gloves)
rMut   .         Stasis   .     (no boots)
MR     .....                    (no amulet)
Stlth  ++........               (no ring)
                                (no ring)

@: not resistant to hostile enchantments, unstealthy
A: sustain abilities
a: no special abilities


You were on level 2 of the Dungeon.
You were near starving.

You visited 1 branch of the dungeon, and saw 2 of its levels.

You collected 81 gold pieces.

Inventory:

Armour
 a - a +0 cloak (worn)
 f - a +0 robe of positive energy (worn)
Scrolls
 d - 2 scrolls of identify
Potions
 e - a potion of restore abilities
 i - a potion of curing
Books
 b - a book of Frost

   Spells                             Type                      Level
   a - Freeze                         Ice                          1
   b - Throw Frost                    Conjuration/Ice              2
   c - Ozocubu's Armour               Charms/Ice                   3
   d - Throw Icicle                   Conjuration/Ice              4
   e - Summon Ice Beast               Ice/Summoning                4
   f - Condensation Shield            Ice                          4
Comestibles
 c - 2 bread rations
 g - a meat ration
 h - a beef jerky


   Skills:
 - Level 1.7 Dodging
 - Level 1.7 Stealth
 + Level 2.3 Spellcasting
 - Level 0.8 Conjurations
 * Level 3.8 Ice Magic


You had 3 spell levels left.
You knew the following spells:

 Your Spells              Type           Power        Failure   Level  Hunger
a - Freeze                Ice            ###.         3%          1    #......
c - Throw Frost           Conj/Ice       ##....       12%         2    ##.....


Dungeon Overview and Level Annotations

Branches:
Dungeon (2/15)

Annotations:
D:2 Ijyb


Innate Abilities, Weirdness & Mutations

Your attributes are resistant to harm.


Message History

Confirm with . or Enter, or press ? or * to list all spells.
Aiming: Freeze
Press: ? - help, Shift-Dir - straight line, f/p - Ijyb
Aim: Ijyb, wearing a scale mail and carrying a wand of frost {zapped: 1} (moderately wounded, fast)
You freeze Ijyb.
Ijyb is moderately wounded.
Ijyb zaps a wand.
The puff of frost hits you!
Casting: Freeze
Confirm with . or Enter, or press ? or * to list all spells.
Aiming: Freeze
Press: ? - help, Shift-Dir - straight line, f/p - Ijyb
Aim: Ijyb, wearing a scale mail and carrying a wand of frost {zapped: 2} (moderately wounded, fast)
You freeze Ijyb.
Ijyb is severely wounded.
Ijyb zaps a wand.
The puff of frost hits you!
* * * LOW HITPOINT WARNING * * *
Ijyb misses you.
Ijyb zaps a wand.
The puff of frost hits you!
Ouch! That really hurt!
You die...

##### #.# #...# #.#
#...###### #.# +...+....#
#.# ##+## #####...#....# #.#
..... #.......#....# #..
..... #.......#....# ###
.g... #.......#....#
.....###......w#@...######.#
.?...%........g............#
........###########.########
........# #.# ........#
#.############# #########
#.....[........
###############


You could see Ijyb.

Vanquished Creatures
  2 adders (D:2)
  A giant mite (D:2)
  A worm (D:2)
  An ooze (D:1)
  4 giant cockroaches (D:1)
  2 hobgoblins (D:2)
  3 jackals (D:1)
  2 ball pythons
  3 bats
  2 giant newts
  A rat (D:1)
22 creatures vanquished.

Notes
Turn   | Place    | Note
--------------------------------------------------------------
     0 | D:1      | MDvedh, the Demigod Ice Elementalist, began the quest for the Orb.
     0 | D:1      | Reached XP level 1. HP: 14/14 MP: 3/3
     1 | D:1      | Found a runed door.
   625 | D:1      | Reached skill level 3 in Ice Magic
   648 | D:1      | Reached XP level 2. HP: 8/20 MP: 0/5
   947 | D:1      | Learned a level 2 spell: Throw Frost
  1039 | D:2      | HP: 1/20 [worm (9)]
  1497 | D:2      | Reached XP level 3. HP: 16/26 MP: 6/8
  1642 | D:2      | Found a snail-covered altar of Cheibriados.
  1650 | D:2      | Noticed Ijyb
  1668 | D:2      | Killed from afar by Ijyb

Action                   || total
-------------------------++-------
Melee: Unarmed           ||    61
 Cast: Freeze            ||    41
  Use: Scroll            ||     5
  Eat: Chunk             ||     1
